 Dungeon Crawl Stone Soup version 0.24.0-124-g2791043dd8 (webtiles) character file.

Game seed: 13773384143146255851, levelgen mode: deterministic

30 Plasmagod the Sneak (level 3, -6/18 HPs)
             Began as a Spriggan Assassin on Feb 14, 2020.
             Mangled by a gnoll
             ... wielding a +0 halberd
              (13 damage)
             ... on level 2 of the Dungeon.
             The game lasted 00:19:37 (1233 turns).

Plasmagod the Sneak (Spriggan Assassin)             Turns: 1233, Time: 00:19:37

Health: -6/18      AC:  3    Str:  7    XL:     3   Next: 5%
Magic:  4/4        EV: 17    Int: 12    God:
Gold:   84         SH:  0    Dex: 18    Spells: 2/2 levels left

rFire    . . .     SeeInvis +   i - +3 spear (venom)
rCold    . . .     Gourm    .   (shield restricted)
rNeg     . . .     Faith    .   b - +0 robe
rPois    .         Spirit   .   (helmet restricted)
rElec    .         Reflect  .   c - +0 cloak
rCorr    .         Harm     .   (gloves unavailable)
MR       .....     Rnd*Tele +   (boots unavailable)
Stlth    ++++......             (no amulet)
HPRegen  0.06/turn              n - ring of teleportation (curse)
MPRegen  0.09/turn              (no ring)

@: very quick
A: very small, unfitting armour, see invisible, herbivore, speed 3, slow
metabolism 2
a: no special abilities


You were on level 2 of the Dungeon.
You were not hungry.

You visited 1 branch of the dungeon, and saw 2 of its levels.

You collected 84 gold pieces.

Inventory:

Hand Weapons
 a - a +2 dagger
 i - a +3 spear of venom (weapon)
Missiles
 d - 8 poisoned darts (quivered)
 e - 2 curare-tipped darts
 g - 3 large rocks
Armour
 b - a +0 robe (worn)
 c - a +0 cloak (worn)
Jewellery
 n - a cursed ring of teleportation (left hand)
 q - an uncursed ring of protection from cold {unknown}
Scrolls
 l - a scroll of fog {unknown}
 m - a scroll of identify
 p - a scroll of teleportation {unknown}
Potions
 h - a potion of curing
 j - a potion of degeneration {unknown}
 k - a potion of haste {unknown}
 o - a potion of agility {unknown}
 r - a potion of magic {unknown}
Comestibles
 f - 6 rations


   Skills:
 + Level 1.7 Fighting
 + Level 2.2 Short Blades
 + Level 0.2 Polearms
 + Level 2.2 Throwing
 + Level 1.7 Dodging
 + Level 7.0 Stealth


You had 2 spell levels left.
You didn't know any spells.
Your spell library was empty.

Dungeon Overview and Level Annotations

Branches:
Dungeon (2/15)

Altars:


Innate Abilities, Weirdness & Mutations

You are very small and have problems with some larger weapons.
You are too small for most types of armour.
You have supernaturally acute eyesight. (SInv)
You are a herbivore.
You cover ground extremely quickly.
You need to consume almost no food.


Message History

A rat comes into view.
You see here a bat corpse.
You hit the rat.
You kill the rat!
The gnoll hits you from afar with a +0 spear.
The gnoll closely misses you. The gnoll closely misses you.
You hit the gnoll but do no damage. The gnoll closely misses you.
You puncture the gnoll!
The gnoll is heavily wounded.
The gnoll hits you with a +0 spear.
You barely miss the gnoll.
The gnoll is heavily wounded.
The gnoll hits you with a +0 spear.
You barely miss the gnoll.
The gnoll is heavily wounded.
The gnoll misses you.
The gnoll hits you from afar with a +0 halberd!
Ouch! That really hurt!
You die...

#..........[............
#..#.......#.#..........
#..##..........#........
#..###..(#.....#)....#>.
#............†.###......
##.###...#.....# ######.
#.####.##.....# #.
>#.....gg.##### ##.
##.##@##.# ##.. ###
#..#.##.# #.#. ..#
#.#..##.# #.#. # #.#
#..####.# #.#. #
#.###.#####.###########..
#
#.#.......†............g
# #.######†#############.
# #.# #.# ## # #.# #>#


You could see 2 gnolls.

Vanquished Creatures
  An ooze (D:1)
  2 giant cockroaches
  2 goblins (D:1)
  2 hobgoblins (D:1)
  3 jackals (D:2)
  4 bats
  6 frilled lizards (D:1)
  2 kobolds (D:1)
  7 rats
29 creatures vanquished.

Notes
Turn   | Place    | Note
-------+----------+-------------------------------------------
     0 | D:1      | Plasmagod the Spriggan Assassin began the quest for the
                  | Orb.
     0 | D:1      | Reached XP level 1. HP: 10/10 MP: 2/2
   151 | D:1      | Reached skill level 6 in Stealth
   239 | D:1      | Reached XP level 2. HP: 15/15 MP: 3/3
   979 | D:2      | Reached skill level 7 in Stealth
  1124 | D:2      | Reached XP level 3. HP: 18/18 MP: 4/4
  1233 | D:2      | Mangled by a gnoll

Levels and vault maps discovered:
D:1:      lightli_arrival_windingriver, layout_basic
D:2:      layout_loops_ring

Skill      XL: |  1  2 |
---------------+-------+-----
Stealth        | 6 7 |  7.0
Fighting       | |  1.7
Short Blades   | |  2.2
Polearms       | |  0.2
Throwing       | |  2.2
Dodging        | |  1.7

Action                   || total
-------------------------++-------
Melee: Dagger            ||    25
       Spear             ||    31
  Use: Scroll            ||     5
 Stab: Sleeping          ||    11
Armor: Robe              ||     7
Dodge: Dodged            ||    35
